 Dungeon Crawl Stone Soup version 0.21-a0-241-g2cbab09 (webtiles) character file.

368 Chiseanne the Ducker (level 6, 0/32 HPs)
             Began as a Spriggan Wanderer on Sept 3, 2017.
             Was an Initiate of Gozag.
             Slain by Chiseanne's ghost (3 damage)
             ... on level 5 of the Dungeon.
             The game lasted 00:11:13 (7154 turns).

Chiseanne the Ducker (Spriggan Wanderer)            Turns: 7154, Time: 00:11:14

Health: 0/32       AC:  8    Str: 12    XL:     6   Next: 41%
Magic:  7/7        EV: 18    Int: 14    God:    Gozag
Gold:   275        SH:  0    Dex: 16    Spells: 5/5 levels left

rFire    . . .     SeeInvis +   a - +6 trident of Valuable Assets {pierce, rC+ Str+3 Stlth+}
rCold    + . .     Gourm    .   (shield currently unavailable)
rNeg     . . .     Faith    .   e - +0 swamp dragon scales
rPois    +         Spirit   .   (helmet restricted)
rElec    .         Reflect  .   u - +0 cloak
rCorr    +         Harm     .   (gloves unavailable)
MR       +....                  (boots unavailable)
Stlth    +++.......             (no amulet)
HPRegen  0.10/turn              h - ring of resist corrosion
MPRegen  0.10/turn              (no ring)

@: lethally poisoned (0 -> -7), gold aura, very quick
A: unfitting armour, see invisible, herbivore 3, speed 3, slow metabolism 2
a: Potion Petition, Call Merchant, Bribe Branch, Renounce Religion


You were on level 5 of the Dungeon.
You worshipped Gozag.
Gozag was aware of your devotion.
You were full.

You visited 2 branches of the dungeon, and saw 6 of its levels.

You collected 344 gold pieces.
You paid 69 gold pieces to Gozag.

Inventory:

Hand Weapons
 a - the +6 trident of Valuable Assets (weapon) {pierce, rC+ Str+3 Stlth+}
   (You found it on level 5 of the Dungeon)

   It inflicts extra damage upon your enemies.
   It affects your strength (+3).
   It protects you from cold.
   It makes you more stealthy.
 s - a +1 dagger of venom
Missiles
 d - 18 bolts
 g - 133 stones (quivered)
 m - 11 tomahawks
 n - 37 sling bullets
 p - 53 arrows
Armour
 e - +0 swamp dragon scales (worn)
 u - a +0 cloak (worn)
Jewellery
 h - a ring of resist corrosion (left hand)
 q - a cursed amulet of inaccuracy {unknown}
Scrolls
 b - 3 scrolls of teleportation
Potions
 c - a potion of curing {unknown}
 i - a potion of might {unknown}
 j - a potion of magic
 k - 4 potions of brilliance {unknown}
 l - a potion of invisibility {unknown}
 o - 2 potions of berserk rage {unknown}
 t - 2 potions of mutation {unknown}
 v - a potion of degeneration {unknown}
 w - 2 potions of haste {unknown}
Books
 y - a book of Air

   Spells                             Type                      Level
   a - Shock                          Conjuration/Air              1
   b - Swiftness                      Charms/Air                   2
   c - Static Discharge               Conjuration/Air              3
   d - Airstrike                      Air                          4
   e - Lightning Bolt                 Conjuration/Air              5
Comestibles
 f - a bread ration


   Skills:
 * Level 2.5 Fighting
   Level 4.2 Long Blades
 * Level 0.5 Polearms
 - Level 1.0 Throwing
 * Level 1.3 Armour
 * Level 5.1 Dodging
 - Level 3.0 Stealth
   Level 2.6 Air Magic


You had 5 spell levels left.
You didn't know any spells.

Dungeon Overview and Level Annotations

Branches:
Dungeon (5/15)             Temple (1/1) D:4

Altars:
Ashenzari
Elyvilon
Fedhas
Gozag
Hepliaklqana
Kikubaaqudgha
Makhleb
Okawaru
Sif Muna
Trog
Uskayaw
Wu Jian
Xom
Yredelemnul
Zin

Annotations:
D:4 Chiseanne's ghost, amateur OgWn
D:5 Chiseanne's ghost, novice SpWn


Innate Abilities, Weirdness & Mutations

You are very small and have problems with some larger weapons.
You are too small for most types of armour.
You have supernaturally acute eyesight. (SInv)
You are a herbivore.
You cover ground extremely quickly.
You need consume almost no food.


Message History

You are poisoned.
The scorpion poisons you!
You hit the scorpion.
The scorpion is almost dead.
You feel sick. The scorpion barely misses you. Chiseanne's ghost hits you.
You barely miss the scorpion.
The scorpion is almost dead.
You feel sick. The scorpion stings you. Chiseanne's ghost hits you!
The scorpion stings you.
* * * LOW HITPOINT WARNING * * *
* * * LOW HITPOINT WARNING * * *
You feel sick.
Chiseanne's ghost whispers, "The ORB doesn't exist."
Chiseanne's ghost hits you.
* * * LOW HITPOINT WARNING * * *
There is a stone staircase leading up here.
* * * LOW HITPOINT WARNING * * *
You feel sick. Chiseanne's ghost hits you.
You die...
Your body crumbles into a pile of gold.

.....# #..###.... . ......#
#.[...#### ..
....#..##...<....# ...
#.....[.(<.......###....
#.....(.##......#.....#
#$......##.............
########..................###
.<)...........sW..............
................@..........###
..............##.........#...#
$
..........(...###..#..........
........[.....# #..#.....##.#.
...........### #.....#..... .
........#........##..#.###..
........#...##### #....# ..
######### ..# .....# $ ..#


You could see a scorpion and Chiseanne's ghost.

Vanquished Creatures
  A bullfrog (D:4)
  A jelly (D:4)
  An orc priest (D:4)
  3 orc wizards
  A hound zombie (D:5)
  3 adders
  A shadow imp (D:5)
  2 oozes
  2 worms (D:2)
  2 leopard geckos
  12 orcs
  6 giant cockroaches
  4 goblins
  10 hobgoblins
  2 jackals (D:3)
  8 kobolds
  4 quokkas
  3 ball pythons
  8 bats
  5 frilled lizards
  9 rats
88 creatures vanquished.

Notes
Turn   | Place    | Note
-------+----------+-------------------------------------------
     0 | D:1      | Chiseanne the Spriggan Wanderer began the quest for the Orb.
     0 | D:1      | Chiseanne set off with: a book of Air, a scroll of teleportation, a +0 falchion, a +0 robe, a +0 dagger, a bread ration
     0 | D:1      | Reached XP level 1. HP: 9/9 MP: 2/2
   125 | D:1      | Reached skill level 1 in Dodging
   232 | D:1      | Reached XP level 2. HP: 13/13 MP: 3/3
   563 | D:1      | Reached skill level 2 in Dodging
   947 | D:1      | Reached XP level 3. HP: 10/17 MP: 4/4
  1056 | D:1      | Reached skill level 1 in Fighting
  2025 | D:2      | Found an iron altar of Okawaru.
  2050 | D:2      | Reached skill level 3 in Dodging
  2405 | D:2      | Reached XP level 4. HP: 22/22 MP: 5/5
  2795 | D:2      | Found a hazy altar of Hepliaklqana.
  2987 | D:3      | Found a basalt altar of Yredelemnul.
  3991 | D:3      | Reached skill level 4 in Dodging
  4173 | D:4      | Noticed Chiseanne's ghost (amateur OgWn)
  4228 | D:4      | Found a staircase to the Ecumenical Temple.
  4238 | Temple   | Entered the Ecumenical Temple
  4883 | D:4      | Noticed a moth of wrath
  4886 | D:4      | Found a bloodstained altar of Trog.
  4915 | D:4      | Found an opulent altar of Gozag.
  4920 | D:4      | Became a worshipper of Gozag Ym Sagoz the Greedy
  4982 | D:4      | Reached XP level 5. HP: 26/26 MP: 6/6
  5393 | D:4      | Found an ornate altar of the Wu Jian Council.
  5396 | D:4      | Found a white marble altar of Elyvilon.
  6436 | D:5      | Entered Level 5 of the Dungeon
  6569 | D:4      | Reached skill level 1 in Armour
  6589 | D:5      | Reached XP level 6. HP: 26/30 MP: 7/7
  6607 | D:5      | Got a translucent trident
  6663 | D:4      | Identified the +6 trident of Valuable Assets {pierce, rC+ Str+3 Stlth+} (You found it on level 5 of the Dungeon)
  6800 | D:5      | Noticed Chiseanne's ghost (novice SpWn)
  6947 | D:5      | Reached skill level 5 in Dodging
  7154 | D:5      | Slain by Chiseanne's ghost

Vault maps used:
D:1:      giann_wishing_wells, minmay_tromino_v2
D:2:      wad_woods_pond, lemuel_coloured_pillars_altar, okawaru_trees_1,
          kennysheep_generic_room_8
D:3:      yredelemnul_altar_generic
D:4:      tgw_trog, nicolae_gozag_cash_rules_everything_around_me,
          nicolae_overflow_hidden_temple, minmay_temple_entry_junction_2,
          first_bread
D:5:      roderic_roman_lattice, st_stairs_9
Temple:   compressed_dpeg_triangle_lava_temple

Skill      XL: |  1  2  3  4  5  6 |
---------------+-------------------+-----
Dodging        | 1 2 3 4 5 |  5.1
Fighting       | 1 2 |  2.5
Long Blades    | 4 |  4.2
Armour         | 1 |  1.3
Polearms       | |  0.5
Throwing       | |  1.0
Stealth        | |  3.0
Air Magic      | |  2.6

Action                   |  1- 3 |  4- 6 || total
-------------------------+-------+-------++-------
Melee: Falchion          |   157 |   217 ||   374
       Trident           |       |    12 ||    12
Throw: Stone             |       |     2 ||     2
  Use: Scroll            |     3 |     5 ||     8
 Stab: Sleeping          |     9 |     1 ||    10
  Eat: Royal jelly       |       |     1 ||     1
       Fruit             |       |     1 ||     1
       Bread ration      |       |     1 ||     1
Armor: Robe              |    19 |    10 ||    29
       Swamp dragon scal |       |    36 ||    36
Dodge: Dodged            |   144 |   197 ||   341
       Rpst.: Falchion   |    40 |    62 ||   102

Table legend:
 A = Spawn XP
 B = Non-spawn XP
 C = Spawn XP percentage of total XP
 D = Spawn monster count
 E = Non-spawn monster count
 F = Spawn count percentage of total count
 G = Total turns spent on level
                    A         B        C        D         E        F      G
               +---------+---------+-------+---------+---------+-------+---------
         Total |      22 |     505 |   4.2 |      10 |      78 |  11.4 |  7154
               +---------+---------+-------+---------+---------+-------+---------
           D:1 |       7 |      42 |  14.3 |       4 |      26 |  13.3 |  1529
           D:2 |       7 |      58 |  10.8 |       1 |      17 |   5.6 |  1424
           D:3 |       8 |      73 |   9.9 |       5 |      17 |  22.7 |  1616
           D:4 |       0 |     212 |   0.0 |       0 |      12 |   0.0 |  1972
           D:5 |       0 |     120 |   0.0 |       0 |       6 |   0.0 |   179
               +---------+---------+-------+---------+---------+-------+---------
